 Dungeon Crawl Stone Soup version 0.31-a0-175-g9f7f995f2b (webtiles) character file.

Game seed: 5982316343558187021

334 qw the Shooter (level 6, 0/38 HPs)
             Began as a Gargoyle Hunter on June 17, 2023.
             Slain by an ogre
             ... wielding a +0 giant club
              (19 damage)
             ... on level 5 of the Dungeon.
             The game lasted 00:01:15 (3268 turns).

qw the Shooter (Gargoyle Hunter)                    Turns: 3268, Time: 00:01:16

Health: 0/38       AC: 10    Str: 15    XL:     6   Next: 53%
Magic:  6/6        EV: 11    Int:  9    God:
Gold:   140        SH:  0    Dex: 15    Spells: 5/5 levels left

rFire   . . .        Y - +1 shortbow
rCold   . . .        (shield currently unavailable)
rNeg    + . .        e - +0 ring mail
rPois   inf          (no helmet)
rElec   +            (no cloak)
rCorr   .            g - +0 pair of gloves
SInv    .            (no boots)
Will    .....        (no amulet)
Stlth   +            (no ring)
HPRegen 0.26/turn    (no ring)
MPRegen 0.10/turn

%: no passive effects
@: no status effects
A: sickness immunity, AC +4, negative energy resistance 1, electricity
resistance, torment resistance 1, petrification resistance, wild magic 1
a: no special abilities


You were on level 5 of the Dungeon.
You visited 2 branches of the dungeon, and saw 6 of its levels.

You collected 176 gold pieces.
You spent 36 gold pieces at shops.


Innate Abilities, Weirdness & Mutations

You are immune to sickness and miasma.
Your stone body is resilient. (AC +4)
You are immune to poison.
You resist negative energy. (rN+)
You are resistant to electric shocks. (rElec)
You are resistant to unholy torment.
You are immune to petrification.
Your spells are a little harder to cast, but a little more powerful.


   Skills:
 - Level 4.1 Fighting
 + Level 6.7 Ranged Weapons
 - Level 1.0 Armour
 - Level 1.5 Dodging
 - Level 1.1 Stealth


You had 5 spell levels left.
You didn't know any spells.
Your spell library was empty.

Inventory:

Hand Weapons
 Y - a +1 shortbow (weapon)
Armour
 e - a +0 ring mail (worn)
 g - a +0 pair of gloves (worn)
Scrolls
 a - a scroll of noise {unknown}
 b - a scroll of identify
Potions
 d - 2 potions of mutation
 f - a potion of enlightenment
 h - 2 potions of curing
 i - a potion of attraction
 j - a potion of might {unknown}
 l - a potion of brilliance {unknown}

Dungeon Overview and Level Annotations

Branches:
Dungeon (5/15)             Temple (1/1) D:4

Altars:
Ashenzari
Cheibriados
Dithmenos
Elyvilon
Hepliaklqana
Kikubaaqudgha
Makhleb
Nemelex Xobeh
Uskayaw
Vehumet
Wu Jian
Xom
Zin
The Shining One

Shops:
D:1 !   D:2 [(((:   D:4 :


Message History

The white imp is almost dead.
The adder barely misses you. The adder completely misses you.
The white imp misses you. The orc misses you.
The adder bites you but does no damage.
You shoot an arrow. The arrow hits the white imp.
You kill the white imp!
The adder bites you but does no damage. The adder barely misses you.
The orc barely misses you. The adder barely misses you.
You shoot an arrow. The arrow hits the adder.
The adder is lightly wounded.
The adder barely misses you. x2; The orc completely misses you.
The adder closely misses you.
You shoot an arrow. The arrow closely misses the adder.
The adder bites you. The orc hits you but does no damage.
The adder closely misses you. The adder bites you but does no damage.
You shoot an arrow.
The arrow hits the ogre but does no damage.
The adder bites you. The ogre closely misses you. The orc closely misses you.
The adder closely misses you. The adder completely misses you.
The orc hits you but does no damage.
You shoot an arrow. The arrow barely misses the ogre.
The adder bites you but does no damage. The ogre hits you with a +0 giant club.
The adder bites you but does no damage. x2; The orc hits you but does no damage.
You shoot an arrow. The arrow hits the ogre.
The ogre is lightly wounded.
The adder barely misses you. The adder misses you.
The ogre hits you with a +0 giant club! The orc hits you with a +0 dagger.
You shoot an arrow. The arrow barely misses the ogre.
The adder bites you but does no damage. The adder barely misses you. x2
The orc hits you with a +0 dagger. The adder closely misses you.
You shoot an arrow. The arrow hits the ogre.
The ogre is lightly wounded.
The ogre completely misses you.
The adder bites you but does no damage. x2
The orc closely misses you.
You shoot an arrow. The arrow hits the ogre!
The ogre is moderately wounded.
The adder barely misses you. The adder bites you.
The ogre hits you with a +0 giant club!!
Ouch! That really hurt!
You die...

.........# ...
.........# #...
...?.....##..#
............#
............#
............ ..
......SSO#.#. ..
......o@.#.... ..
..<......# #..######.#
#......#.# ......#.##.
########.# #..#......
#..# ##.....### ##.##
##.<......# #..#
###...#..###..
######.####...###..#####
#........##.#####......#


You could see an ogre, 2 adders and an orc.

Vanquished Creatures
  A hound (D:4)
  An iron imp (D:4)
  3 iguanas
  Terence (D:3)
  2 sleepcaps
  4 adders
  A white imp (D:5)
  3 worms
  A dart slug (D:2)
  2 orcs
  7 endoplasms
  2 giant cockroaches
  A goblin (D:4)
  8 hobgoblins
  3 jackals (D:4)
  4 quokkas
  9 ball pythons
  2 bats
  3 frilled lizards
  11 kobolds
  6 rats (D:1)
75 creatures vanquished.

Notes
Turn   | Place    | Note
-------+----------+-------------------------------------------
     0 | D:1      | qw the Gargoyle Hunter began the quest for the Orb.
     0 | D:1      | Reached XP level 1. HP: 12/12 MP: 1/1
     0 | D:1      | 0 ||| qw: Version: 0.3-a-2-g5ab2908
     0 | D:1      | 0 ||| qw: Game counter: 294
     0 | D:1      | 0 ||| qw: Always use a shield: true
     0 | D:1      | 0 ||| qw: God list: Okawaru
     0 | D:1      | 0 ||| qw: Allow faded altars: false
     0 | D:1      | 0 ||| qw: Do Orc after D:15 true
     0 | D:1      | 0 ||| qw: Do second Lair branch before Depths: true
     0 | D:1      | 0 ||| qw: Lair rune preference: random
     0 | D:1      | 0 ||| qw: Plans: Normal, Zot:1-4, Slime:5, God:TSO, Crypt,
                  | Tomb, Abyss, Pan, Hells, Win
     0 | D:1      | 0 ||| PLANNING D:1-11
    62 | D:1      | Found a faded altar of an unknown god.
   111 | D:1      | Reached XP level 2. HP: 11/17 MP: 2/2
   383 | D:1      | Found Goc Lush's Distillery.
   398 | D:1      | 398 ||| BUYING potion of curing (36 gold).
   398 | D:1      | Bought a potion of curing for 36 gold pieces
   398 | D:1      | 398 ||| SHOPLISTING potion of haste (120 gold, have 23).
   398 | D:1      | 398 ||| SHOPLISTING potion of heal wounds (60 gold, have
                  | 23).
   398 | D:1      | 398 ||| SHOPLISTING potion of magic (96 gold, have 23).
   398 | D:1      | 398 ||| SHOPLISTING potion of mutation (96 gold, have 23).
   508 | D:1      | 508 ||| UPGRADING to +0 pair of gloves.
   513 | D:1      | 513 ||| READING scroll labelled SOWETY GADIMOCIOL.
   514 | D:1      | 514 ||| DRINKING 2 blue potions.
   515 | D:1      | 515 ||| DROPPING scroll of butterflies.
   562 | D:2      | Reached XP level 3. HP: 20/21 MP: 3/3
   640 | D:2      | Reached skill level 5 in Ranged Weapons
   703 | D:2      | Found Ekegun's Weapon Boutique.
   720 | D:2      | Found Jowijeum's Antique Armour Boutique.
   723 | D:2      | 723 ||| SHOPLISTING ring mail (116 gold, have 23).
   755 | D:2      | Found Duhois's Book Boutique.
   800 | D:2      | Reached skill level 3 in Fighting
   980 | D:2      | Reached XP level 4. HP: 28/28 MP: 4/4
  1014 | D:2      | Found Voecholi's Antique Weapon Boutique.
  1016 | D:2      | 1016 ||| SHOPLISTING glowing shortbow (180 gold, have 48).
  1054 | D:2      | Found Weijown's Antique Weapon Emporium.
  1065 | D:2      | 1065 ||| SHOPLISTING twisted orcbow (221 gold, have 48).
  1194 | D:2      | 1194 ||| DROPPING ring of wizardry.
  1195 | D:2      | 1195 ||| READING scroll labelled LAPU QUYSIAM.
  1200 | D:2      | 1200 ||| READING scroll labelled USAOWU IMMUTZ.
  1201 | D:2      | 1201 ||| READING 3 scrolls labelled QIATEXKIGOD.
  1202 | D:2      | 1202 ||| READING 4 scrolls labelled HUPEG NOGGABAXKE.
  1203 | D:2      | 1203 ||| READING scroll labelled ATRUOGG YFUOHY.
  1204 | D:2      | 1204 ||| READING scroll labelled KIMAEKHL DAEMM.
  1205 | D:2      | 1205 ||| DRINKING 3 fizzy emerald potions.
  1205 | D:2      | Gained mutation: Your spells are a little harder to cast,
                  | but a little more powerful. [potion of mutation]
  1206 | D:2      | 1206 ||| DROPPING 2 scrolls of fog.
  1207 | D:2      | 1207 ||| DROPPING 3 scrolls of blinking.
  1387 | D:3      | Noticed Terence
  1399 | D:3      | Killed Terence
  2059 | D:3      | 2059 ||| UPGRADING to +0 ring mail.
  2069 | D:3      | 2069 ||| DROPPING +0 leather armour.
  2070 | D:3      | 2070 ||| READING scroll labelled ACKACL YTOIR.
  2111 | D:4      | Reached XP level 5. HP: 32/32 MP: 5/5
  2137 | D:4      | Found Zaryuves's Book Emporium.
  2156 | D:4      | Reached skill level 1 in Armour
  2158 | D:4      | Reached skill level 6 in Ranged Weapons
  2259 | D:4      | HP: 5/32 [iguana (8)]
  2260 | D:4      | 2260 ||| READING 2 scrolls of teleportation.
  2268 | D:4      | 2268 ||| READING scroll of teleportation.
  2268 | D:4      | HP: 3/32 [adder (3)]
  2421 | D:4      | Found a staircase to the Ecumenical Temple.
  2422 | D:4      | 2422 ||| PLANNING TEMPLE
  2422 | D:4      | 2422 ||| READING 2 scrolls of identify.
  2422 | D:4      | 2422 ||| IDENTIFYING bubbling white potion
  2431 | Temple   | Entered the Ecumenical Temple
  2597 | Temple   | 2597 ||| PLANNING D:1-11
  2658 | D:4      | Found a burning altar of Makhleb.
  2658 | D:4      | Noticed an Executioner
  2662 | D:4      | Noticed a neqoxec
  2662 | D:4      | Noticed a smoke demon
  2986 | D:4      | Reached XP level 6. HP: 32/38 MP: 6/6
  3052 | D:4      | Found a snail-covered altar of Cheibriados.
  3147 | D:5      | Entered Level 5 of the Dungeon
  3268 | D:5      | Slain by an ogre

Levels and vault maps discovered:
D:1:      ebering_hopf_link, layout_rooms, ebering_ecumenical_altar_rust,
          serial_shops, nicolae_shop_industrial_runoff, minmay_hexomino_p4
D:2:      layout_basic, serial_shops, nicolae_shop_rolling_square,
          nicolae_lakefront_shop, nicolae_shop_behind_doors, shop,
          nicolae_shop_competitors_out_of_business
D:3:      layout_basic, uniq_terence
D:4:      layout_basic, slow_altar_2, makhleb_altar_promises_db,
          lemuel_temple_firewalk_b, serial_shops, nicolae_shop_rolling_square
D:5:      layout_rooms, okawaru_ov_weapons_minmay
Temple:   nicolae_temple_slightly_damp_pantheon

Skill      XL: |  1  2  3  4  5 |
---------------+----------------+-----
Ranged Weapons | 5 6 |  6.7
Fighting       | 3 4 |  4.1
Armour         | 1 |  1.0
Dodging        | |  1.5
Stealth        | |  1.1

Action                     |  1- 3 |  4- 6 || total
---------------------------+-------+-------++-------
   Fire: Shortbow          |   100 |   186 ||   286
    Use: Scroll            |     1 |    10 ||    11
         Potion            |     1 |     1 ||     2
 Armour: Leather armour    |     6 |     5 ||    11
         Ring mail         |       |    36 ||    36
  Dodge: Dodged            |     9 |    77 ||    86

Table legend:
 A = Non-vault XP
 B = Vault XP
 C = Vault XP percentage of total XP
 D = Non-vault monster count
 E = Vault monster count
 F = Vault count percentage of total count
                 A         B        C        D         E       F
            +---------+---------+-------+---------+---------+-------
      Total |     398 |      80 |  16.7 |      72 |       3 |   4.0
            +---------+---------+-------+---------+---------+-------
        D:1 |      30 |       1 |   3.2 |      21 |       1 |   4.5
        D:2 |      58 |       0 |   0.0 |      17 |       0 |   0.0
        D:3 |      28 |      36 |  56.2 |      12 |       1 |   7.7
        D:4 |     196 |      43 |  18.0 |      19 |       1 |   5.0
        D:5 |      86 |       0 |   0.0 |       3 |       0 |   0.0
            +---------+---------+-------+---------+---------+-------
